 Dungeon Crawl Stone Soup version 0.30-a0-222-ge547ba4400 (webtiles) character file.

Game seed: 3788937141496343972

4 Aibolit the Trooper (level 1, -1/20 HPs)
             Began as a Hill Orc Fighter on Oct 8, 2022.
             Slain by a quokka (4 damage)
             ... on level 1 of the Dungeon.
             The game lasted 00:00:21 (137 turns).

Aibolit the Trooper (Hill Orc Fighter)               Turns: 137, Time: 00:00:22

Health: -1/20      AC:  6    Str: 18    XL:     1   Next: 60%
Magic:  1/1        EV:  9    Int:  8    God:
Gold:   0          SH:  4    Dex: 10    Spells: 0/0 levels left

rFire   . . .      SeeInvis .    a - +0 war axe
rCold   . . .      Faith    .    c - +0 buckler
rNeg    . . .      Spirit   .    b - +0 scale mail
rPois   .          Reflect  .    (no helmet)
rElec   .          Harm     .    (no cloak)
rCorr   .          Rampage  .    (no gloves)
Will    .....                    (no boots)
Stlth   ..........               (no amulet)
HPRegen 0.23/turn                (no ring)
MPRegen 0.07/turn                (no ring)

@: no status effects
A: no striking features
a: no special abilities


You were on level 1 of the Dungeon.
You visited 1 branch of the dungeon, and saw 1 of its levels.

Inventory:

Hand Weapons
 a - a +0 war axe (weapon)
Armour
 b - a +0 scale mail (worn)
 c - a +0 buckler (worn)
Potions
 d - a potion of might
 e - a potion of lignification {unknown}


   Skills:
 + Level 3.7 Fighting
 + Level 2.7 Axes
 + Level 3.4 Armour
 + Level 3.4 Shields


You couldn't memorise any spells.
You didn't know any spells.
Your spell library was empty.

Dungeon Overview and Level Annotations

Branches:
Dungeon (1/15)

Altars:


Message History

The quokka moves out of view.
A quokka is nearby!
A quokka is nearby!
A quokka is nearby!
The quokka bites you but does no damage.
You closely miss the quokka.
The quokka bites you but does no damage.
The quokka closely misses you.
You miss the quokka.
The quokka bites you but does no damage.
The quokka barely misses you.
You closely miss the quokka. The quokka bites you. The quokka bites you.
The quokka barely misses you.
The quokka bites you but does no damage.
An endoplasm comes into view.
The endoplasm quivers.
You block the quokka's attack.
The quokka bites you but does no damage.
You miss the quokka. The quokka barely misses you. The quokka bites you.
You closely miss the quokka. The quokka bites you. x2
You miss the quokka. The quokka closely misses you.
You closely miss the quokka. You barely miss the endoplasm.
The quokka bites you but does no damage.
The endoplasm freezes you.
You are frozen.
You block the quokka's attack. The endoplasm freezes you.
You are frozen.
* * * LOW HITPOINT WARNING * * *
Unknown command.
Unknown command.
Unknown command.
You slash the endoplasm!
You kill the endoplasm!
You barely miss the quokka. The quokka barely misses you. The quokka bites you.
* * * LOW HITPOINT WARNING * * *
The quokka barely misses you. The quokka bites you.
You die...

##.## #... #..#
#..# #..#####
###..#...#.
######..........
#......r........
#.####.#@#......
#.# #...# ...#.
#.# #.### ### #.#
#.# #.# #.#
####.####.#######
#.....†..........
#.##.####........
#.# #.#######


You could see a quokka.

Vanquished Creatures
  2 endoplasms (D:1)
  A giant cockroach (D:1)
3 creatures vanquished.

Notes
Turn   | Place    | Note
-------+----------+-------------------------------------------
     0 | D:1      | Aibolit the Hill Orc Fighter began the quest for the Orb.
     0 | D:1      | Reached XP level 1. HP: 19/19 MP: 1/1
   137 | D:1      | Slain by a quokka

Illustrated notes

Levels and vault maps discovered:
D:1:      zelgadis_glass_arrival_large, layout_loops_ring

Action                   || total
-------------------------++-------
Melee: War axe           ||    18
Armor: Scale mail        ||     9
Dodge: Dodged            ||    13
Block: Buckler           ||     4

Table legend: (Time is in decaauts)
 A = Elapsed time spent in this place.
 B = Non-inter-level travel time spent in this place.
 C = Inter-level travel time spent in this place.
 D = Time resting spent in this place.
 E = Time spent auto-exploring this place.
 F = Levels seen in this place.
 G = Mean time per level.
                   A        B        C        D        E       F      G
               +--------+--------+--------+--------+--------+-----+--------+
         Total |    144 |    144 |      0 |      0 |    100 |   1 |  144.0 |
       Dungeon |    144 |    144 |      0 |      0 |    100 |   1 |  144.0 |
               +--------+--------+--------+--------+--------+-----+--------+

Top non-repeatable levels by time:
     D:1: 144 daAuts
